 Dungeon Sprint DCSS version 0.28-a0-247-gb8bfbab023 (webtiles) character file.

Game seed: 1423570292617648966

11316 MikeHunt the Grappler (level 11, -3/98 HPs)
             Began as a Demonspawn Artificer on Aug 25, 2021.
             Was an Initiate of Gozag.
             Slain by a jiangshi (7 damage)
             ... summoned by a mummy priest
             ... in the Dungeon (Sprint I: "Red Sonja").
             The game lasted 00:13:04 (4590 turns).

MikeHunt the Grappler (Demonspawn Artificer)        Turns: 4590, Time: 00:13:05

Health: -3/98      AC: 19    Str: 15    XL:     11   Next: 47%
Magic:  0/11       EV: 10    Int: 13    God:    Gozag
Gold:   1469       SH:  0    Dex: 20    Spells: 10/10 levels left

rFire   . . .      SeeInvis .     - Unarmed
rCold   . . .      Faith    .   (no shield)
rNeg    . . .      Spirit   +   l - +2 plate armour {Will+}
rPois   .          Reflect  .   (no helmet)
rElec   .          Harm     .   k - +0 cloak {rCorr}
rCorr   +          Rampage  .   (no gloves)
Will    .....      NoTele   +   (no boots)
Stlth   ..........              g - amulet of guardian spirit
HPRegen 0.26/turn               a - +6 ring of dexterity
MPRegen 0.12/turn               (no ring)

@: weak-willed, gold aura
A: claws 2, foul stench 3, spiny 1
a: Renounce Religion, Potion Petition, Call Merchant, Bribe Branch


You were in the Dungeon.
You worshipped Gozag.
Gozag was most pleased with you.
You visited 1 branch You collected 4745 gold pieces.
You spent 1344 gold pieces at shops.
You paid 1932 gold pieces to Gozag.

Inventory:

Armour
 b - a +0 leather armour
 k - a +0 cloak of preservation (worn)
 l - a +2 plate armour of willpower (worn)
 m - a +0 pair of gloves of stealth
Jewellery
 a - a +6 ring of dexterity (left claw)
 g - an amulet of guardian spirit (around neck)
Wands
 c - a wand of flame (5) (quivered)
 d - a wand of charming (14)
 f - a wand of polymorph (4)
Potions
 h - a potion of resistance {unknown}
 i - 2 potions of magic
 o - 2 potions of curing
Miscellaneous
 e - a piece from Xom's chessboard (15/15)
 j - a lightning rod (4/4)


   Skills:
 + Level 13.1 Fighting
 - Level 13.1 Armour
 - Level 10.7 Dodging
 - Level 0.8 Stealth
 + Level 14.0 Unarmed Combat
 - Level 9.9 Evocations


You had 10 spell levels left.
You didn't know any spells.
Your spell library was empty.

Dungeon Overview and Level Annotations

Branches:
Dungeon (1/1)

Altars:
Cheibriados
Dithmenos
Elyvilon
Fedhas
Gozag
Hepliaklqana
Kikubaaqudgha
Makhleb
Nemelex Xobeh
Okawaru
Qazlal
Ru
Sif Muna
Trog
Uskayaw
Vehumet
Wu Jian
Xom
Yredelemnul
Zin
The Shining One
Jiyva
Lugonu

Shops:
D ((*[[[


Innate Abilities, Weirdness & Mutations

You have very sharp fingernails.
You frequently emit foul miasma when damaged in melee.
You are partially covered in sharp spines.


Message History

The phantasmal warrior gestures at you.
The phantasmal warrior blinks!
The phantasmal warrior hits you!!
Your willpower is stripped away!
The phantasmal warrior gestures at you.
The phantasmal warrior blinks!
The jiangshi claws you but does no damage. x2
The phantasmal warrior hits you!!
You emit a cloud of foul miasma!
There is an open door, spattered with blood here.
The phantasmal warrior gestures at you.
The phantasmal warrior blinks!
You see here a +0 spear.
There is an open door, spattered with blood here.
Things that are here:
a +0 dagger; a +0 leather armour The phantasmal warrior gestures at you.
The phantasmal warrior blinks!
The jiangshi is struck by your spines.
The jiangshi claws you but does no damage. x2
There is an open door here.
The adder zombie is distracted by your dazzling golden aura.
The phantasmal warrior hits you!!
* * * LOW HITPOINT WARNING * * *
The jiangshi claws you but does no damage.
The jiangshi claws you.
* * * LOW HITPOINT WARNING * * *
The jiangshi draws strength from your injuries!
You aren't carrying any scrolls.
Unknown command.
Okay, then.
The phantasmal warrior hits you!!
* * * LOW HITPOINT WARNING * * *
The phantasmal warrior closely misses you.
The phantasmal warrior gestures at you.
The phantasmal warrior blinks!
The jiangshi is distracted by your dazzling golden aura.
The phantasmal warrior gestures at you.
The phantasmal warrior blinks!
The jiangshi is no longer distracted by gold.
The jiangshi claws you!
You die...
Your body crumbles into a pile of gold.

#############################****
#∩∩[[..#(.#§§.§§@V§W§§§.§#..+$$$$
'.[#...##'#§####.§§§.##..)Z.#$$$$
####...).§#.#,*##§§§#######'#$$,$
#§§#####.§'.#+*$###+#,,,*#..#$$$$
§§.#§.##+####,,$*,#.#*$$$#..##$$$
§.§'§.#○°.,,*,,$**#..###$#..≈###+
§.§#§.#.°.○,+,,$$$##.#A#$#Z.≈.)#,
#####§###.○○*,,,,,*,.###$#..≈.##+
§[###.'.#°..#**++**,##..$#$.≈##,,


You could see a jiangshi (summoned) and a phantasmal warrior (summoned).

Vanquished Creatures
  A deep elf annihilator (D)
  A hydra (D)
  2 centaur warriors (D)
  A deep troll (D)
  A lindwurm (D)
  An oklob plant (D)
  2 merfolk sirens (D)
  2 unseen horrors (D)
  A gargoyle (D)
  2 kobold demonologists (D)
  A rime drake (D)
  4 demonic crawlers (D)
  A hellwing (D)
  A slime creature (D)
  3 hornets (D)
  2 redbacks (D)
  Sigmund (D)
  13 hogs (D)
  A yak (D)
  2 floating eyes (D)
  An ogre (D)
  A killer bee (D)
  A jelly (D)
  Ijyb (D)
47 creatures vanquished.

Vanquished Creatures (others)
  Sonja (D)
  A gargoyle (D)
  2 ballistomycete spores (D)
4 creatures vanquished.

Grand Total: 51 creatures vanquished

Notes
Turn   | Place    | Note
-------+----------+-------------------------------------------
     0 | D        | MikeHunt the Demonspawn Artificer began the quest for the
                  | Orb.
     0 | D        | Reached XP level 1. HP: 15/15 MP: 1/1
     1 | D        | Noticed Ijyb
    11 | D        | Killed Ijyb
    12 | D        | Reached skill level 3 in Unarmed Combat
    12 | D        | Reached skill level 5 in Evocations
    12 | D        | Gained mutation: You may rarely emit foul miasma when
                  | damaged in melee. [demonic ancestry]
    12 | D        | Reached XP level 2. HP: 17/21 MP: 2/2
   136 | D        | Noticed an ogre
   140 | D        | Killed an ogre
   141 | D        | Reached skill level 5 in Unarmed Combat
   141 | D        | Reached XP level 3. HP: 26/26 MP: 3/3
   141 | D        | Gained mutation: You have sharp fingernails. [demonic
                  | ancestry]
   141 | D        | Reached XP level 4. HP: 32/32 MP: 4/4
   154 | D        | Noticed Sigmund
   158 | D        | Killed Sigmund
   159 | D        | Reached skill level 7 in Unarmed Combat
   159 | D        | Reached XP level 5. HP: 37/37 MP: 5/5
   174 | D        | Found an ornate altar of the Wu Jian Council.
   174 | D        | Found a shimmering blue altar of Sif Muna.
   176 | D        | Found a radiant altar of Vehumet.
   182 | D        | Reached skill level 1 in Dodging
   182 | D        | Reached skill level 8 in Unarmed Combat
   182 | D        | Gained mutation: You are partially covered in sharp spines.
                  | [demonic ancestry]
   182 | D        | Reached XP level 6. HP: 12/44 MP: 6/6
   410 | D        | Found Ylaram's Weapon Emporium.
   410 | D        | Found an ancient bone altar of Kikubaaqudgha.
   410 | D        | Found a hazy altar of Hepliaklqana.
   410 | D        | Found a stormy altar of Qazlal.
   410 | D        | Found a hide-covered altar of Uskayaw.
   410 | D        | Found a blossoming altar of Fedhas.
   410 | D        | Found a bloodstained altar of Trog.
   410 | D        | Found an iron altar of Okawaru.
   410 | D        | Found a basalt altar of Yredelemnul.
   410 | D        | Found a snail-covered altar of Cheibriados.
   410 | D        | Found a sacrificial altar of Ru.
   410 | D        | Found a shadowy altar of Dithmenos.
   410 | D        | Noticed a yak
   512 | D        | Found an opulent altar of Gozag.
   513 | D        | Found a sparkling altar of Nemelex Xobeh.
   520 | D        | Killed a yak
   524 | D        | Became a worshipper of Gozag Ym Sagoz the Greedy
   587 | D        | Noticed Sonja
   594 | D        | Noticed a centaur warrior
   595 | D        | Noticed a centaur warrior
   598 | D        | Your ally died
   610 | D        | Killed a centaur warrior
   611 | D        | Reached skill level 10 in Unarmed Combat
   611 | D        | Gained mutation: You have very sharp fingernails. [demonic
                  | ancestry]
   611 | D        | Reached XP level 7. HP: 23/60 MP: 7/7
   611 | D        | Reached XP level 8. HP: 26/67 MP: 8/8
   618 | D        | Killed a centaur warrior
   619 | D        | Reached skill level 11 in Unarmed Combat
   981 | D        | Found a viscous altar of Jiyva.
   981 | D        | Found a corrupted altar of Lugonu.
   981 | D        | Noticed a slime creature
   982 | D        | Found a burning altar of Makhleb.
   982 | D        | Found a shimmering altar of Xom.
   989 | D        | Killed a slime creature
  1124 | D        | Noticed a kobold demonologist
  1127 | D        | Noticed a kobold demonologist
  1130 | D        | Reached XP level 9. HP: 72/76 MP: 9/9
  1134 | D        | Killed a kobold demonologist
  1138 | D        | Killed a kobold demonologist
  1139 | D        | Reached skill level 10 in Fighting
  1152 | D        | Noticed a demonic crawler
  1152 | D        | Noticed a demonic crawler
  1152 | D        | Noticed a demonic crawler
  1152 | D        | Noticed a demonic crawler
  1186 | D        | Noticed a deep troll
  1193 | D        | Found Ijilomif's Antique Weapon Boutique.
  1401 | D        | Reached skill level 12 in Unarmed Combat
  1413 | D        | Noticed an oklob plant
  1442 | D        | Killed a demonic crawler
  1451 | D        | Killed a demonic crawler
  1609 | D        | Bought a lightning rod (4/4) for 390 gold pieces
  1617 | D        | Killed a demonic crawler
  1618 | D        | Reached skill level 10 in Dodging
  1763 | D        | Killed a demonic crawler
  2030 | D        | Noticed a lindwurm
  2037 | D        | Killed a lindwurm
  2038 | D        | Gained mutation: You sometimes emit foul miasma when
                  | damaged in melee. [demonic ancestry]
  2038 | D        | Reached XP level 10. HP: 52/88 MP: 4/10
  2054 | D        | Bought a +2 plate armour of willpower for 520 gold pieces
  2127 | D        | Killed a gargoyle
  2190 | D        | Killed a deep troll
  2191 | D        | Reached skill level 5 in Armour
  2428 | D        | Found Hamiywa's Armour Emporium.
  2433 | D        | Bought a +0 pair of gloves of stealth for 161 gold pieces
  2433 | D        | Bought a +0 cloak for 63 gold pieces
  2501 | D        | Killed an oklob plant
  2857 | D        | Noticed a gargoyle
  2871 | D        | HP: 2/88 [gargoyle/stone arrow (14)]
  2874 | D        | Killed a gargoyle
  3124 | D        | Reached skill level 10 in Armour
  3171 | D        | Gained mutation: You frequently emit foul miasma when
                  | damaged in melee. [demonic ancestry]
  3171 | D        | Reached XP level 11. HP: 58/93 MP: 8/11
  3282 | D        | Noticed a 12-headed hydra
  3283 | D        | Paralysed by a floating eye for 4 turns
  3286 | D        | HP: 3/93 [12-headed hydra (11)]
  4065 | D        | Bought an embroidered cloak for 210 gold pieces
  4097 | D        | Killed a 12-headed hydra
  4265 | D        | Noticed a daeva
  4278 | D        | Noticed a deep elf annihilator
  4292 | D        | Killed a deep elf annihilator
  4293 | D        | Reached skill level 13 in Unarmed Combat
  4573 | D        | Reached skill level 14 in Unarmed Combat
  4573 | D        | Noticed a mummy priest
  4574 | D        | Noticed a phantasmal warrior
  4574 | D        | Noticed a jiangshi
  4586 | D        | HP: 3/98 [phantasmal warrior[a mummy priest] (16)]
  4590 | D        | Slain by a jiangshi

Illustrated notes

Levels and vault maps discovered:
D:        dungeon_sprint_1 [red_sonja_temple_1, red_sonja_temple_small_1]

Skill      XL: |  1  2  3  4  5  6  7  8  9 10 11 |
---------------+----------------------------------+-----
Unarmed Combat | 3 5 7 8 10 11 12 14 | 14.0
Evocations     | 5 7 9 |  9.9
Dodging        | 1 6 8 10 | 10.7
Fighting       | 7 9 11 13 | 13.1
Armour         | 12 13 | 13.1
Stealth        | |  0.8

Action                   |  1- 3 |  4- 6 |  7- 9 | 10-12 || total
-------------------------+-------+-------+-------+-------++-------
Melee: Club              |     7 |       |       |       ||     7
       Unarmed           |       |    17 |    64 |   102 ||   183
       Punch             |       |     1 |     6 |     9 ||    16
Invok: Call Merchant     |       |       |     2 |     1 ||     3
Evoke: Wand              |     4 |     7 |     1 |     2 ||    14
       Piece from Xom's  |       |       |     1 |       ||     1
       Lightning rod     |       |       |       |    11 ||    11
  Use: Potion            |     1 |     2 |     2 |     1 ||     6
       Scroll            |       |       |     1 |     1 ||     2
 Stab: Sleeping          |       |       |     1 |       ||     1
       Distracted        |       |       |       |     3 ||     3
Armor: Leather armour    |     1 |     2 |     8 |       ||    11
       Plate armour      |       |       |       |   109 ||   109
Dodge: Dodged            |     3 |     7 |    77 |    49 ||   136

Table legend: (Time is in decaauts)
 A = Elapsed time spent in this place.
 B = Non-inter-level travel time spent in this place.
 C = Inter-level travel time spent in this place.
 D = Time resting spent in this place.
 E = Time spent auto-exploring this place.
 F = Levels seen in this place.
 G = Mean time per level.
                   A        B        C        D        E       F      G
               +--------+--------+--------+--------+--------+-----+--------+
         Total |   4535 |   4508 |     27 |   3456 |      0 |   1 | 4535.0 |
       Dungeon |   4535 |   4508 |     27 |   3456 |      0 |   1 | 4535.0 |
               +--------+--------+--------+--------+--------+-----+--------+

Top non-repeatable levels by time:
       D: 4535 daAuts
